 Dungeon Crawl Stone Soup version 0.21.1-1-g345015f (webtiles) character file.

155574 infcreate the Severer (level 17, -1/159 HPs)
             Began as a Minotaur Fighter on June 10, 2018.
             Was an Elder of Trog.
             Killed from afar by a deep elf annihilator (72 damage)
             ... with a crystal spear
             ... on level 3 of the Elven Halls.
             The game lasted 02:09:28 (27514 turns).

infcreate the Severer (Minotaur Fighter)           Turns: 27514, Time: 02:09:29

Health: -1/159     AC: 26    Str: 27    XL:     17   Next: 8%
Magic:  5/5        EV:  8    Int: 12    God:    Trog [****..]
Gold:   1562       SH: 24    Dex: 18    Spells: 16/16 levels left

rFire    + + .     SeeInvis +   c - +6 war axe (antimagic)
rCold    x . .     Gourm    .   Q - +3 shield {reflect}
rNeg     + + .     Faith    .   e - +3 plate armour {MR+}
rPois    +         Spirit   .   t - +2 hat
rElec    .         Reflect  +   y - +0 cloak {rF+}
rCorr    .         Harm     .   n - +0 pair of gloves
MR       +++++     Rnd*Tele +   M - +0 pair of boots
Stlth    ..........             S - amulet of the Insatiable People {Reflect rPois SH+5 SInv}
HPRegen  1.36/turn              P - ring of Puca {Fire MR+ Int+3 Dex+4}
MPRegen  0.09/turn              u - ring of Lugonu's Reproof {*Tele rN++ Int+4 Dex+3 Stlth-}

@: berserk cooldown, regenerating, slowed, drained, very slow
A: retaliatory headbutt, horns 2
a: Berserk, Trog's Hand, Brothers in Arms, Burn Spellbooks, Renounce Religion


You were on level 3 of the Elven Halls.
You worshipped Trog.
Trog was greatly pleased with you.
You were not hungry.

You visited 5 branches of the dungeon, and saw 22 of its levels.
You also visited: Labyrinth, Sewer and Volcano.

You collected 2237 gold pieces.
You spent 675 gold pieces at shops.

Inventory:

Hand Weapons
 c - a +6 antimagic war axe (weapon)
 v - a +8 war axe of flaming
Armour
 e - a +3 plate armour of magic resistance (worn)
 n - a +0 pair of gloves (worn)
 o - a +3 plate armour of cold resistance
 t - a +2 hat (worn)
 y - a +0 cloak of fire resistance (worn)
 M - a +0 pair of boots (worn)
 Q - a +3 shield of reflection (worn)
Jewellery
 u - the ring of Lugonu's Reproof (right hand) {*Tele rN++ Int+4 Dex+3 Stlth-}
   (You took it off a deep elf elementalist on level 3 of the Elven Halls)

   [ring of teleportation]

   It may teleport you next to monsters.
   It affects your intelligence (+4).
   It affects your dexterity (+3).
   It greatly protects you from negative energy.
   It makes you less stealthy.
 P - the ring of Puca (left hand) {Fire MR+ Int+3 Dex+4}
   (You found it in a labyrinth)

   [ring of fire]

   It enhances your fire magic.
   It affects your intelligence (+3).
   It affects your dexterity (+4).
   It protects you from fire.
   It makes you vulnerable to cold.
   It affects your resistance to hostile enchantments.
 S - the amulet of the Insatiable People (around neck) {Reflect rPois SH+5 SInv}
   (You found it in a labyrinth)

   [amulet of reflection]

   It shields you and reflects attacks.
   It protects you from poison.
   It lets you see invisible.
   It affects your SH (+5).
Scrolls
 g - 2 scrolls of enchant weapon
 j - 8 scrolls of fear
 k - 4 scrolls of enchant armour
 l - 2 scrolls of brand weapon {unknown}
 m - 6 scrolls of teleportation
 q - 8 scrolls of remove curse
 r - 5 scrolls of random uselessness
 s - 2 scrolls of blinking
 A - 7 scrolls of amnesia
 B - a scroll of acquirement {unknown}
 C - a scroll of summoning {unknown}
 F - 4 scrolls of fog
 J - 2 scrolls of immolation {unknown}
 N - a scroll of identify
 R - 2 scrolls of vulnerability {unknown}
Potions
 b - 6 potions of lignification
 d - 4 potions of might
 h - 3 potions of agility
 i - 4 potions of mutation
 p - 6 potions of curing
 w - 4 potions of heal wounds
 x - 3 potions of brilliance
 z - a potion of magic {unknown}
 E - 7 potions of flight
 G - 2 potions of haste {unknown}
 H - 3 potions of resistance
 K - 2 potions of berserk rage {unknown}
 L - a potion of cancellation {unknown}
Comestibles
 f - 25 rations


   Skills:
 + Level 16.5(15.1) Fighting
 + Level 20.3(18.8) Axes
 + Level 14.9(13.6) Armour
 + Level 19.4(18.0) Shields


You had 16 spell levels left.
You didn't know any spells.

Dungeon Overview and Level Annotations

Branches:
Dungeon (10/15)            Temple (1/1) D:6            Lair (6/6) D:9
 Shoals (0/4) Lair:2       Spider (0/4) Lair:3        Slime (0/5) Lair:6
    Orc (2/2) D:10            Elf (3/3) Orc:2

Altars:
Dithmenos
Elyvilon
Fedhas
Kikubaaqudgha
Makhleb
Nemelex Xobeh
Qazlal
Ru
Sif Muna
Trog
Uskayaw
Vehumet
Wu Jian
Xom
Yredelemnul
Jiyva

Shops:
Orc:2 [=(*   Elf:1 =   Elf:3 [[}}%

Annotations:
D:3 1 runed door
Elf:2 2 runed doors


Innate Abilities, Weirdness & Mutations

You reflexively headbutt those who attack you in melee.
You have a pair of horns on your head.


Message History

The deep elf elementalist shouts!
The deep elf annihilator shouts! x2
The deep elf elementalist points at you and mumbles some strange words.
You hear rumbling.
The deep elf master archer shoots an arrow.
The arrow hits you!!
The deep elf annihilator moves out of view.
The deep elf annihilator points at you and mumbles some strange words.
The bolt of lightning hits you!
The deep elf master archer shoots an arrow.
The arrow closely misses you.
Items here: ! ( )) [ † You hit the deep elf master archer.
You headbutt the deep elf master archer, but do no damage.
The deep elf master archer is moderately wounded.
The deep elf master archer shoots an arrow.
You reflect the arrow off your +3 shield of reflection!
The arrow hits the deep elf master archer!!!
The deep elf annihilator points at you and mumbles some strange words.
The crystal spear hits you!
You die...

###########
#..##|.) # #.
#..##)). #.
#.(##)}. #.}
#..##|}) #e#
#))##### #.e
######))##### #e#
#...≈≈..≈≈... #
#.#####...≈≈..≈≈...
#
#e@(..).(.≈≈..≈≈...
#
#.)(###...≈≈..≈≈...
#
#..##.######..#####
#
#.##...............
####
#.#.............)..
...#
#.'........⌠..⌠....
##.##
#.#................
'...#
####...............
#...##
###.............


You could see a deep elf master archer and 2 deep elf annihilators.

Vanquished Creatures
  Bai Suzhen (Elf:3)
  Saint Roka (Elf:3)
  3 deep elf blademasters
  Donald (Elf:1)
  2 deep elf sorcerers (Elf:3)
  Aizul (Elf:1)
  An orc warlord (Orc:2)
  3 deep elf elementalists (Elf:3)
  7 deep elf demonologists (Elf:3)
  2 deep elf annihilators
  A red draconian (Volcano)
  The ghost of Rhok the Spry, a journeyman MfSk of Hepliaklqana (Lair:5)
  6 deep elf death magi (Elf:3)
  A fire dragon (Lair:6)
  2 deep elf high priests (Elf:3)
  A minotaur (Lab)
  6 hydras
  2 two-headed ogres
  28 dancing weapons
  The ghost of Jaiteiro the Slinger, a journeyman HaFi of Okawaru (D:10)
  2 orc high priests (Orc:2)
  14 deep elf knights
  A salamander mystic (Volcano)
  A sixfirhy (D:10)
  A fire crab (Lair:6)
  An unseen horror (D:7)
  A swamp dragon (Lair:6)
  A wizard (Elf:1)
  10 deep elf archers
  2 lindwurms
  4 orc knights (Orc:2)
  52 deep elf magi
  A harpy (shapeshifter) (Elf:2)
  5 salamanders (Volcano)
  A wolf spider (Lair:6)
  5 orc sorcerers
  A cyclops (shapeshifter) (Elf:1)
  16 elephants
  9 black mambas
  Maurice (D:8)
  A guardian serpent (Lair:6)
  17 spiny frogs
  A rime drake (Lair:6)
  A minotaur zombie (Lab)
  12 komodo dragons
  2 trolls (Orc:2)
  6 jumping spiders (Lair:3)
  A queen bee (shapeshifter) (Elf:1)
  A polar bear (Lair:5)
  7 hippogriffs
  Prince Ribbit (D:8)
  3 hornets
  5 blink frogs (Lair:5)
  An air elemental (Elf:2)
  A redback (Lair:3)
  Sigmund (D:6)
  Eustachio (D:5)
  4 water elementals
  3 fire bats (Lair:6)
  12 wyverns
  3 steam dragons
  20 yaks
  4 basilisks
  5 fire elementals
  6 swamp worms (Lair:3)
  The ghost of Jaiteiro the Shield-Bearer, an amateur HaFi (D:3)
  4 wargs
  3 acid dragons
  21 water moccasins
  A soldier ant (D:7)
  Edmund (D:5)
  9 porcupines
  A swamp drake (Lair:6)
  26 orc warriors
  3 phantoms (D:10)
  2 black bears (D:10)
  2 boggarts (Elf:1)
  A necrophage (D:8)
  13 ogres
  8 wolves
  5 centaurs
  18 crocodiles
  2 big kobolds
  12 bullfrogs
  2 water moccasin zombies
  6 earth elementals
  5 scorpions
  2 troll zombies (D:10)
  4 wights (D:9)
  7 killer bees (D:8)
  A howler monkey (D:7)
  2 spriggan skeletons (Lab)
  A vampire bat (Orc:2)
  A centaur zombie (D:7)
  6 crimson imps
  2 jellies
  9 orc priests
  A gnoll shaman (D:5)
  10 hounds
  3 bullfrog skeletons
  18 orc wizards
  Ijyb (D:3)
  8 iguanas
  9 worker ants
  6 ogre zombies (D:10)
  2 ogre skeletons (Lab)
  A hound zombie (D:10)
  A hound skeleton (D:7)
  2 worker ant zombies
  Robin (D:3)
  11 gnolls
  6 adders
  A river rat (D:6)
  2 shadow imps
  An ooze (D:1)
  3 adder skeletons
  An adder zombie (D:7)
  14 worms
  A dart slug (D:2)
  4 leopard geckos
  54 orcs
  11 bats
  9 giant cockroaches
  17 goblins
  7 hobgoblins
  13 jackals
  19 kobolds
  4 quokkas
  2 ball pythons
  4 frilled lizards
  A goblin skeleton (D:10)
  3 goblin zombies (D:10)
  2 hobgoblin skeletons (D:10)
  3 hobgoblin zombies (D:10)
  An orc skeleton (D:10)
  15 orc zombies (D:10)
  A quokka skeleton (D:7)
  12 rats
  9 fungi
  16 plants
810 creatures vanquished.

Vanquished Creatures (others)
  A deep elf master archer (Elf:3)
  A deep elf archer (Elf:1)
  2 orcs (Orc:1)
  14 fungi
  10 plants
28 creatures vanquished.

Grand Total: 838 creatures vanquished

Notes
Turn   | Place    | Note
-------+----------+-------------------------------------------
     0 | D:1      | infcreate the Minotaur Fighter began the quest for the Orb.
     0 | D:1      | Reached XP level 1. HP: 19/19 MP: 0/0
    52 | D:1      | Reached XP level 2. HP: 27/27 MP: 1/1
   650 | D:2      | Reached XP level 3. HP: 20/33 MP: 2/2
   862 | D:2      | Found a burning altar of Makhleb.
   871 | D:2      | Reached skill level 3 in Axes
  1016 | D:2      | Reached XP level 4. HP: 40/40 MP: 3/3
  1173 | D:2      | Found a shadowy altar of Dithmenos.
  1173 | D:2      | Found a hide-covered altar of Uskayaw.
  1495 | D:3      | Found a white marble altar of Elyvilon.
  1495 | D:3      | Found a runed door.
  1495 | D:3      | Noticed an angel
  1575 | D:3      | Reached XP level 5. HP: 34/47 MP: 4/4
  1581 | D:3      | Reached skill level 5 in Shields
  1662 | D:3      | Found a deep blue altar of Sif Muna.
  1689 | D:3      | Noticed Jaiteiro's ghost (amateur HaFi)
  1703 | D:3      | Killed Jaiteiro's ghost
  1703 | D:3      | Reached skill level 4 in Axes
  1703 | D:3      | Reached XP level 6. HP: 35/55 MP: 5/5
  1871 | D:3      | Noticed Robin
  1878 | D:3      | Killed Robin
  1878 | D:3      | Reached skill level 5 in Armour
  2020 | D:3      | Noticed Ijyb
  2026 | D:3      | Killed Ijyb
  2357 | D:4      | Reached skill level 5 in Axes
  2359 | D:4      | Reached skill level 5 in Fighting
  2687 | D:4      | Reached skill level 6 in Axes
  2687 | D:4      | Reached XP level 7. HP: 43/61 MP: 3/6
  2875 | D:4      | Reached skill level 7 in Axes
  3193 | D:5      | Entered Level 5 of the Dungeon
  3689 | D:4      | Reached XP level 8. HP: 35/69 MP: 4/7
  3854 | D:5      | Noticed Eustachio
  3857 | D:4      | Reached skill level 8 in Axes
  3888 | D:5      | Killed Eustachio
  3998 | D:5      | Noticed Edmund
  4019 | D:5      | Killed Edmund
  4094 | D:5      | Reached skill level 9 in Axes
  4113 | D:5      | Found a burning altar of Makhleb.
  4397 | D:6      | Noticed Sigmund
  4412 | D:6      | Killed Sigmund
  4412 | D:6      | Reached XP level 9. HP: 78/78 MP: 8/8
  4414 | D:6      | Reached skill level 10 in Axes
  4486 | D:6      | Found a stormy altar of Qazlal.
  4578 | D:6      | Found a glowing drain.
  4587 | Sewer    | Entered a sewer
  4891 | D:6      | Found a staircase to the Ecumenical Temple.
  4904 | Temple   | Entered the Ecumenical Temple
  4930 | Temple   | Became a worshipper of Trog the Wrathful
  5188 | D:7      | Found a sparkling altar of Nemelex Xobeh.
  5364 | D:7      | Reached skill level 11 in Axes
  5605 | D:7      | Reached * piety under Trog
  6075 | D:7      | Reached XP level 10. HP: 27/88 MP: 1/9
  6282 | D:7      | Noticed a two-headed ogre
  6290 | D:7      | Killed a two-headed ogre
  6290 | D:7      | Reached skill level 12 in Axes
  6356 | D:7      | Killed an unseen horror
  6587 | D:7      | Reached ** piety under Trog
  6837 | D:8      | Noticed Prince Ribbit
  6855 | D:8      | Killed Prince Ribbit
  6956 | D:8      | Noticed Maurice
  7017 | D:8      | Found a sacrificial altar of Ru.
  7025 | D:8      | Killed Maurice
  7538 | D:9      | Noticed a two-headed ogre
  7542 | D:9      | Killed a two-headed ogre
  7542 | D:9      | Reached skill level 13 in Axes
  7542 | D:9      | Reached skill level 10 in Shields
  7935 | D:9      | Found a staircase to the Lair.
  7951 | D:9      | Reached XP level 11. HP: 88/97 MP: 8/10
  8106 | D:9      | Reached *** piety under Trog
  8256 | D:10     | Entered Level 10 of the Dungeon
  8436 | D:10     | Found a runed door.
  8442 | D:10     | Noticed a sixfirhy
  8463 | D:10     | Killed a sixfirhy
  8642 | D:10     | Found a staircase to the Orcish Mines.
  8652 | D:10     | Reached **** piety under Trog
  8754 | D:10     | Noticed Jaiteiro's ghost (journeyman HaFi)
  8775 | D:10     | Killed Jaiteiro's ghost
  9220 | D:10     | Reached skill level 14 in Axes
  9657 | Lair:1   | Entered Level 1 of the Lair of Beasts
 10543 | Lair:2   | Found a staircase to the Shoals.
 10578 | Lair:2   | Reached skill level 10 in Fighting
 11050 | Lair:2   | Noticed an eight-headed hydra
 11059 | Lair:2   | Killed an 11-headed hydra
 11059 | Lair:2   | Reached skill level 10 in Armour
 11146 | Lair:2   | Reached ***** piety under Trog
 11163 | Lair:2   | Reached XP level 12. HP: 78/107 MP: 7/11
 11164 | Lair:2   | Reached skill level 15 in Axes
 11372 | Lair:3   | Noticed an eight-headed hydra
 11388 | Lair:3   | Killed a 17-headed hydra
 12622 | Lair:3   | Found a hole to the Spider Nest.
 12650 | Lair:3   | Received a gift from Trog
 13400 | Lair:4   | Reached skill level 16 in Axes
 13434 | Lair:4   | Noticed a five-headed hydra
 13450 | Lair:4   | Killed a ten-headed hydra
 13453 | Lair:4   | Reached XP level 13. HP: 116/116 MP: 10/12
 14830 | Lair:5   | Noticed Rhok's ghost (journeyman MfSk)
 14844 | Lair:5   | Reached skill level 17 in Axes
 14885 | Lair:5   | Killed Rhok's ghost
 15726 | Lair:6   | Entered Level 6 of the Lair of Beasts
 15795 | Lair:6   | Found a labyrinth entrance.
 15810 | Lab      | Entered a labyrinth
 16021 | Lab      | Noticed a minotaur
 16028 | Lab      | Killed a minotaur
 16030 | Lab      | Got a smoking turquoise ring
 16030 | Lab      | Got a glittering brass amulet
 16062 | Lab      | Identified the +1 leather armour "Bipnuf" {rCorr} (You found it in a labyrinth)
 16100 | Lair:6   | Found a dark tunnel.
 16109 | Volcano  | Entered a volcano
 16111 | Volcano  | Identified the ring of Puca {Fire MR+ Int+3 Dex+4} (You found it in a labyrinth)
 16115 | Volcano  | Identified the amulet of the Insatiable People {Reflect rPois SH+5 SInv} (You found it in a labyrinth)
 16261 | Volcano  | Noticed a red draconian
 16269 | Volcano  | Killed a red draconian
 17131 | Lair:6   | Reached XP level 14. HP: 127/127 MP: 13/13
 17213 | Lair:6   | Found a staircase to the Slime Pits.
 17213 | Lair:6   | Found a viscous altar of Jiyva.
 17362 | Lair:6   | Received a gift from Trog
 17511 | Lair:6   | Reached skill level 18 in Axes
 17542 | Lair:6   | Reached skill level 15 in Shields
 18304 | Orc:1    | Entered Level 1 of the Orcish Mines
 18441 | Orc:2    | Entered Level 2 of the Orcish Mines
 18731 | Orc:2    | Found Kyufegent's Antique Weapon Boutique.
 18801 | Orc:2    | Reached ****** piety under Trog
 18810 | Orc:2    | Noticed an orc warlord
 18823 | Orc:2    | Killed an orc warlord
 18965 | Orc:2    | Found a staircase to the Elven Halls.
 18993 | Orc:2    | Found Xipu's General Store.
 19130 | Orc:2    | Received a gift from Trog
 19719 | Orc:2    | Found Kalu's Antique Armour Shoppe.
 19772 | Orc:2    | Found Rale's Jewellery Emporium.
 19868 | Orc:2    | Bought a +3 plate armour of cold resistance for 675 gold pieces
 19902 | Elf:1    | Entered Level 1 of the Elven Halls
 20703 | Elf:1    | Reached XP level 15. HP: 125/137 MP: 5/14
 20894 | Elf:1    | Noticed Aizul
 20912 | Elf:1    | Killed Aizul
 20954 | Elf:1    | Found Cupnac's Food Shoppe.
 20954 | Elf:1    | Found Uvaumape's Jewellery Emporium.
 21104 | Elf:1    | Received a gift from Trog
 21439 | Elf:1    | Noticed Donald
 21459 | Elf:1    | Killed Donald
 21774 | Elf:1    | Reached skill level 19 in Axes
 22188 | Elf:2    | Found a radiant altar of Vehumet.
 22289 | Elf:2    | Received a gift from Trog
 22352 | Elf:2    | Found a large runed door.
 22352 | Elf:2    | Found a large runed door.
 22379 | Elf:2    | Found a large runed door.
 22379 | Elf:2    | Found a large runed door.
 23028 | Elf:2    | Noticed a deep elf blademaster
 23047 | Elf:2    | Killed a deep elf blademaster
 23387 | Elf:2    | Reached skill level 15 in Fighting
 23387 | Elf:2    | Reached XP level 16. HP: 146/149 MP: 5/15
 23464 | Elf:2    | Received a gift from Trog
 23469 | Elf:2    | Got an ichor-stained halberd {god gift}
 23470 | Elf:2    | Identified the +1 halberd of Midwinter {antimagic, Dex+5} (Trog gifted it to you on level 2 of the Elven Halls)
 23799 | Elf:3    | Entered Level 3 of the Elven Halls
 24067 | Elf:3    | Found Hip Ock's Gadget Boutique.
 24134 | Elf:3    | Found Poha's Armour Boutique.
 24143 | Elf:3    | Found Beetuab's Armour Boutique.
 24296 | Elf:3    | Noticed Bai Suzhen
 24298 | Elf:3    | Found Jirusi's Food Emporium.
 24323 | Elf:3    | Killed Bai Suzhen
 24563 | Elf:3    | Found Hinoso Tieki's Gadget Emporium.
 24693 | Elf:3    | Noticed an Executioner
 24981 | Elf:3    | Found a radiant altar of Vehumet.
 25203 | Elf:3    | Noticed Saint Roka
 25227 | Elf:3    | Killed Saint Roka
 25227 | Elf:3    | Reached skill level 20 in Axes
 25230 | Elf:3    | Received a gift from Trog
 26978 | Elf:3    | Noticed a deep elf master archer
 26979 | Elf:3    | Noticed a deep elf blademaster
 27202 | Elf:3    | Killed a deep elf master archer
 27207 | Elf:3    | Killed a ghostly deep elf master archer
 27219 | Elf:3    | Killed a deep elf blademaster
 27227 | Elf:3    | Killed a ghostly deep elf blademaster
 27270 | Elf:3    | Got a clouded brass ring
 27385 | Elf:3    | Reached XP level 17. HP: 159/159 MP: 5/16
 27422 | Elf:3    | Got a glittering bone amulet
 27435 | Elf:3    | Identified the amulet of Adupubuh {Faith rN+ Str+6 Slay-4} (You found it on level 3 of the Elven Halls)
 27444 | Elf:3    | Identified the ring of Lugonu's Reproof {*Tele rN++ Int+4 Dex+3 Stlth-} (You took it off a deep elf elementalist on level 3 of the Elven Halls)
 27488 | Elf:3    | Noticed a deep elf blademaster
 27504 | Elf:3    | Killed a deep elf blademaster
 27506 | Elf:3    | Noticed a deep elf master archer
 27514 | Elf:3    | Killed from afar by a deep elf annihilator

Skill      XL: |  1  2  3  4  5  6  7  8  9 10 11 12 13 14 15 16 |
---------------+-------------------------------------------------+-----
Shields        | 4 5 6 7 9 10 11 13 14 16 17 19 | 19.4
Fighting       | 4 5 6 7 9 10 11 12 13 15 16 | 16.5
Armour         | 4 5 6 7 9 10 11 12 13 14 | 14.9
Axes           | 3 4 6 7 9 11 13 14 16 17 18 19 20 | 20.3

Action                   |  1- 3 |  4- 6 |  7- 9 | 10-12 | 13-15 | 16-18 || total
-------------------------+-------+-------+-------+-------+-------+-------++-------
Melee: War axe           |    62 |   156 |   403 |    22 |   413 |   384 ||  1440
       Headbutt          |     7 |    19 |    95 |   162 |   259 |    91 ||   633
       Broad axe         |       |       |       |   708 |   688 |       ||  1396
Invok: Burn Spellbooks   |       |       |       |     4 |     4 |     2 ||    10
       Berserk           |       |       |       |     4 |     9 |     6 ||    19
       Trog's Hand       |       |       |       |       |     4 |     7 ||    11
  Use: Scroll            |       |     5 |    13 |     1 |    13 |     7 ||    39
       Potion            |       |       |     1 |       |     1 |       ||     2
 Stab: Distracted        |       |       |       |       |     1 |       ||     1
  Eat: Chunk             |       |     6 |    12 |    20 |    22 |     3 ||    63
       Ration            |       |       |       |     2 |     6 |     6 ||    14
Armor: Scale mail        |    14 |       |       |       |       |       ||    14
       Chain mail        |    19 |    62 |    94 |       |       |       ||   175
       Plate armour      |       |       |    83 |   357 |   310 |    75 ||   825
Dodge: Dodged            |    23 |    43 |    86 |    65 |   100 |    42 ||   359
Block: Shield            |    42 |    86 |   238 |    45 |   234 |   289 ||   934
       Large shield      |       |       |       |   488 |   709 |       ||  1197
       Reflection        |       |       |       |       |    36 |    25 ||    61
